AoeStats
← gob b

Highland

504980100Analyzed
4v4 RM · 24d ago on Sep 7, 2026· 89m 43s· 8 players
Game mode
Random Map
Map size
Large (8 player)
Population
200
Speed
Normal
Resources
Standard
Victory
Conquest
Starting age
Dark Age
Ending age
Imperial Age
RankedLock teamsTeams togetherTeam positionsShared explorationLock speedFull tech treeHidden civsTurbo modeCheats
Victory
Defeat
🇦🇺 Georgians · Australia
1276
+11
🇪🇸 Turks · Spain
1227
+13
🇫🇷 Aztecs · France
1116
+17
🇮🇹 Huns · Italy
1063
+20
🇳🇨 Hindustanis · New Caledonia
1178
-16
🇮🇳 Wei · India
1173
-16
🇦🇺 Malay · Australia
1169
-16
🇳🇨 Shu · New Caledonia
1095
-13
Boy oh boy
6:14 Loom
9:14 Feudal Age
9:47 Double-Bit Axe
10:35 Horse Collar
16:28 Scale Barding Armor
22:15 Castle Age
21:28 Bloodlines
21:31 Gold Mining
23:17 Bow Saw
23:08 Heavy Plow
23:37 Chain Barding Armor
24:20 Husbandry
25:15 Wheelbarrow
27:51 Forging
31:29 Stone Mining
34:50 Hand Cart
34:20 Town Watch
39:09 Imperial Age
39:13 Heavy Camel Rider
40:29 Plate Barding Armor
40:29 Iron Casting
41:29 Conscription
41:16 Grand Trunk Road
41:54 Hoardings
42:37 Chemistry
41:36 Imperial Camel Rider
43:56 Blast Furnace
47:39 Light Cavalry
48:33 Hussar
49:48 Fletching
50:30 Siege Engineers
56:28 Caravan
59:12 Coinage
63:33 Banking
gob b
11:46 Feudal Age
15:42 Castle Age
13:48 Double-Bit Axe
13:52 Horse Collar
14:36 Gold Mining
16:56 Bow Saw
17:25 Wheelbarrow
24:27 Fletching
29:14 Imperial Age
27:24 Bodkin Arrow
30:56 Bracer
30:57 Padded Archer Armor
33:04 Parthian Tactics
32:45 Thumb Ring
33:18 Leather Archer Armor
33:09 Scale Barding Armor
33:47 Husbandry
33:57 Bloodlines
34:30 Conscription
34:38 Heavy Hei Guang Cavalry
38:52 Ring Archer Armor
38:43 Chain Barding Armor
38:59 Ballistics
39:40 Chemistry
40:04 Hand Cart
39:34 Loom
47:58 Ming Guang Armor
47:35 Tuntian
52:45 Murder Holes
72:25 Forging
72:16 Scale Mail Armor
72:02 Town Watch
87:07 Light Cavalry
88:41 Hussar
Chill Trip
6:52 Loom
10:14 Feudal Age
11:46 Double-Bit Axe
11:42 Horse Collar
26:27 Castle Age
26:53 Fletching
27:03 Padded Archer Armor
29:16 Bow Saw
29:01 Gold Mining
29:08 Stone Mining
29:21 Heavy Plow
40:34 Crossbowman
41:22 Thumb Ring
50:26 Imperial Age
49:14 Bodkin Arrow
49:34 Leather Archer Armor
51:08 Ballistics
51:15 Arbalester
53:08 Chemistry
52:11 Bracer
52:41 Ring Archer Armor
ragamuffin
11:05 Feudal Age
10:34 Loom
12:22 Horse Collar
16:03 Castle Age
14:39 Double-Bit Axe
18:15 Gold Mining
19:05 Wheelbarrow
19:41 Town Watch
20:41 Bow Saw
22:38 Hand Cart
23:40 Heavy Plow
24:18 Fletching
25:46 Forging
29:33 Gold Shaft Mining
33:04 Imperial Age
31:40 Iron Casting
31:45 Town Patrol
33:10 Crop Rotation
33:44 Blast Furnace
32:39 Bodkin Arrow
34:21 Pikeman
34:33 Elite Karambit Warrior
35:33 Conscription
35:15 Forced Levy
35:21 Squires
35:47 Conscription
35:16 Halberdier
37:33 Chemistry
36:54 Ballistics
36:39 Siege Engineers
37:14 Bracer
38:27 Arson
40:04 Padded Archer Armor
45:23 Forced Levy
54:23 Murder Holes
72:44 Man-at-Arms
74:24 Long Swordsman
75:01 Two-Handed Swordsman
CampaCar
9:21 Loom
12:48 Feudal Age
19:48 Castle Age
18:31 Double-Bit Axe
33:49 Bow Saw
34:18 Wheelbarrow
34:05 Town Watch
35:01 Fishing Lines
39:29 Imperial Age
37:23 Husbandry
39:10 Bloodlines
39:21 Hand Cart
39:20 Forging
39:16 Scale Barding Armor
39:13 Padded Archer Armor
39:51 Fletching
40:54 Hoardings
41:59 Conscription
44:47 Two-Man Saw
45:10 Iron Casting
44:55 Chain Barding Armor
49:12 Gold Mining
49:13 Stone Mining
49:58 Horse Collar
51:50 Ballistics
52:23 Caravan
53:07 Gold Shaft Mining
52:25 Elite Cannon Galleon
53:49 Fortified Wall
53:51 Masonry
53:23 Treadmill Crane
55:20 Plate Barding Armor
55:37 Heavy Plow
60:55 Blast Furnace
65:50 Bombard Tower
65:27 Murder Holes
67:08 Town Patrol
67:44 Architecture
67:12 Bodkin Arrow
67:33 Leather Archer Armor
71:11 Artillery
73:27 Guilds
73:48 Coinage
76:32 Banking
77:25 Elite Janissary
80:24 Bracer
80:56 Ring Archer Armor
85:13 Parthian Tactics
84:53 Thumb Ring
84:09 Heavy Cavalry Archer
88:26 Sipahi
88:29 Scale Mail Armor
锋
10:44 Feudal Age
12:49 Bloodlines
14:39 Double-Bit Axe
15:44 Forging
18:00 Loom
22:46 Castle Age
20:59 Scale Barding Armor
21:51 Gold Mining
22:05 Horse Collar
23:32 Husbandry
22:59 Light Cavalry
24:23 Iron Casting
24:08 Chain Barding Armor
24:30 Stone Mining
27:00 Chain Barding Armor
29:11 Wheelbarrow
28:40 Town Watch
31:05 Hand Cart
31:50 Gold Shaft Mining
34:47 Imperial Age
32:29 Bow Saw
34:27 Town Patrol
34:49 Marauders
36:07 Conscription
36:01 Elite Tarkan
37:30 Fletching
37:41 Padded Archer Armor
38:43 Blast Furnace
38:18 Plate Barding Armor
38:59 Plate Barding Armor
38:14 Fletching
38:25 Padded Archer Armor
37:54 Elite Skirmisher
44:39 Chemistry
43:59 Ballistics
44:46 Caravan
45:25 Bodkin Arrow
45:45 Leather Archer Armor
46:20 Bracer
49:35 Two-Man Saw
53:35 Thumb Ring
55:19 Hussar
64:40 Heavy Plow
64:51 Scale Mail Armor
64:35 Pikeman
65:15 Squires
76:33 Parthian Tactics
77:46 Heavy Cavalry Archer
79:56 Capped Ram
Eenoon
12:12 Feudal Age
10:30 Loom
13:56 Wheelbarrow
17:23 Castle Age
18:20 Double-Bit Axe
19:22 Town Watch
21:10 Bow Saw
23:06 Forging
22:57 Scale Mail Armor
23:01 Fletching
23:13 Scale Mail Armor
24:03 Arson
24:18 Squires
27:41 Bodkin Arrow
31:01 Horse Collar
34:15 Fortified Wall
33:47 Treadmill Crane
57:44 Coinage
58:54 Chain Mail Armor
61:38 Iron Casting
63:50 Imperial Age
65:13 Garland Wars
65:17 Conscription
66:05 Blast Furnace
65:36 Plate Mail Armor
67:10 Garland Wars
69:31 Elite Jaguar Warrior
71:00 Banking
79:57 Hand Cart
82:42 Pikeman
Alicat
9:09 Feudal Age
15:53 Scale Barding Armor
16:50 Double-Bit Axe
17:18 Loom
19:27 Town Watch
19:45 Horse Collar
24:41 Castle Age
23:37 Bloodlines
23:43 Gold Mining
25:20 Forging
25:28 Husbandry
26:26 Bow Saw
26:30 Heavy Plow
28:50 Wheelbarrow
30:28 Chain Barding Armor
30:22 Town Watch
33:04 Iron Casting
33:56 Hand Cart
36:15 Imperial Age
35:22 Light Cavalry
36:18 Cavalier
38:25 Plate Barding Armor
43:20 Blast Furnace
44:50 Hussar
46:10 Scale Mail Armor
45:31 Pikeman
46:12 Squires
46:42 Treadmill Crane
47:15 Masonry
46:54 Halberdier
47:35 Squires
47:51 Chain Mail Armor
48:49 Conscription
49:14 Plate Mail Armor
49:27 Fletching
49:59 Ballistics
49:24 Arrowslits
50:05 Svan Towers
50:31 Guard Tower
50:37 Bodkin Arrow
51:25 Bracer
52:14 Keep
52:40 Chemistry
52:24 Town Patrol
52:57 Architecture
53:15 Siege Engineers
53:08 Murder Holes
53:50 Guilds
54:33 Clinker Construction
54:34 Careening
54:57 Fishing Lines
55:31 Medium Warships
56:43 Heavy Warships
58:28 Fortified Wall
60:29 Siege Engineers
61:55 Caravan
63:37 Arson
67:45 Capped Ram
69:28 Heavy Scorpion
71:05 Coinage
70:31 Siege Ram
71:37 Stone Mining
74:24 Aznauri Cavalry
74:55 Hoardings
77:51 Banking
Connection lost

Rejoining the realm…

Still unreachable

The connection could not be restored.

Session expired

The server has moved on; the page needs a fresh start.